 Dungeon Crawl Stone Soup version 0.21.1-1-g345015f (webtiles) character file.

15 Hasart the Magician (level 2, 0/19 HPs)
             Began as a Demonspawn Wizard on Apr 7, 2018.
             Slain by a worm (3 damage)
             ... on level 3 of the Dungeon.
             The game lasted 00:02:39 (2373 turns).

Hasart the Magician (Demonspawn Wizard)             Turns: 2373, Time: 00:02:40

Health: 0/19       AC:  2    Str:  7    XL:     2   Next: 34%
Magic:  0/6        EV: 10    Int: 19    God:
Gold:   137        SH:  0    Dex: 11    Spells: 2/7 levels left

rFire    . . .     SeeInvis .   h - +0 dagger
rCold    . . .     Gourm    .   (no shield)
rNeg     . . .     Faith    .   a - +0 robe
rPois    .         Spirit   .   b - +0 hat
rElec    .         Reflect  .   (no cloak)
rCorr    .         Harm     .   (no gloves)
MR       .....                  (no boots)
Stlth    ++........             (no amulet)
HPRegen  0.06/turn              e - -2 ring of evasion (curse)
MPRegen  0.10/turn              (no ring)

@: very slightly contaminated
A: antennae 1
a: no special abilities


You were on level 3 of the Dungeon.
You were very hungry.

You visited 1 branch of the dungeon, and saw 3 of its levels.

You collected 137 gold pieces.

Inventory:

Hand Weapons
 h - a +0 dagger (weapon)
Armour
 a - a +0 robe (worn)
 b - a +0 hat (worn)
 f - a +0 buckler
Jewellery
 e - a cursed -2 ring of evasion (left hand)
 k - an uncursed ring of stealth {unknown}
 l - a +4 ring of intelligence {unknown}
Scrolls
 i - a scroll of remove curse {unknown}
 j - a scroll of fear {unknown}
 m - a scroll of identify {unknown}
 p - a scroll of enchant armour {unknown}
 q - a scroll of amnesia {unknown}
 r - a scroll of noise {unknown}
 s - a scroll of blinking {unknown}
Potions
 g - a potion of flight {unknown}
 n - a potion of curing {unknown}
 o - a potion of mutation {unknown}
Books
 c - a book of Minor Magic

   Spells                             Type                      Level
   a - Magic Dart                     Conjuration                  1
   b - Blink                          Translocation                2
   c - Call Imp                       Summoning                    2
   d - Slow                           Hexes                        2
   e - Conjure Flame                  Conjuration/Fire             3
   f - Mephitic Cloud                 Conjuration/Poison/Air       3
Comestibles
 d - 4 rations


   Skills:
 - Level 1.7 Dodging
 - Level 1.7 Stealth
 + Level 3.2 Spellcasting
 * Level 2.1 Conjurations
 - Level 1.0 Summonings
 - Level 0.8 Translocations


You had 2 spell levels left.
You knew the following spells:

 Your Spells              Type           Power        Failure   Level  Hunger
a - Magic Dart            Conj           ##..         6%          1    None
b - Blink                 Tloc           N/A          16%         2    ##.....
q - Call Imp              Summ           #.......     16%         2    ##.....


Dungeon Overview and Level Annotations

Branches:
Dungeon (3/15)

Altars:


Innate Abilities, Weirdness & Mutations

You have a pair of small antennae on your head.


Message History

Casting: Magic Dart
Confirm with . or Enter, or press ? or * to list all spells.
Aiming: Magic Dart
Press: ? - help, Shift-Dir - straight line, f/p - worm
Aim: a worm (severely wounded)
You miscast Magic Dart.
Nothing appears to happen.
The worm closely misses you.
You hit the worm but do no damage.
The worm is severely wounded.
You barely miss the worm.
The worm is severely wounded.
The worm barely misses you.
You hit the worm.
The worm is severely wounded.
You hit the worm.
The worm is almost dead.
The worm bites you but does no damage.
You barely miss the worm.
The worm is severely wounded.
The worm bites you.
You die...

... #. ....? ###.
.$... #.#. .....
#... #####....
#.#. #....$#
#...##...%.#
####...#.....##
#.....<...@...#
#....#.#...w.....#
#... #.>..........
#...!.........#.##
#. ..#......#.# #
# ..#......#.# ..
..#.##.. .
.....##.. #....


You could see a worm.

Vanquished Creatures
  A leopard gecko (D:1)
  A giant cockroach (D:1)
  A goblin (D:1)
  A hobgoblin (D:2)
  2 jackals (D:1)
  2 bats (D:2)
  3 kobolds
  3 rats
14 creatures vanquished.

Notes
Turn   | Place    | Note
-------+----------+-------------------------------------------
     0 | D:1      | Hasart the Demonspawn Wizard began the quest for the Orb.
     0 | D:1      | Reached XP level 1. HP: 13/13 MP: 4/4
   963 | D:1      | Gained mutation: You have a pair of small antennae on your head. [demonic ancestry]
   963 | D:1      | Reached XP level 2. HP: 8/19 MP: 0/6
  1716 | D:2      | Learned a level 2 spell: Call Imp
  1720 | D:2      | Learned a level 2 spell: Blink
  2373 | D:3      | Slain by a worm

Skill      XL: |  1  2 |
---------------+-------+-----
Conjurations   | 2 |  2.1
Dodging        | |  1.7
Stealth        | |  1.7
Spellcasting   | |  3.2
Summonings     | |  1.0
Translocations | |  0.8

Action                   || total
-------------------------++-------
Melee: Unarmed           ||    24
       Dagger            ||    17
 Cast: Magic Dart        ||    40
  Use: Scroll            ||     2
  Eat: Chunk             ||     3
Armor: Robe              ||    12
Dodge: Dodged            ||    37
